 Dungeon Crawl Stone Soup version 0.32-a0-871-ge202e49faa (webtiles) character file.

Game seed: 14632643337009541915

155 ezpacito the Trooper (level 5, -4/41 HPs)
             Began as a Coglin Chaos Knight on Mar 29, 2024.
             Was a Plaything of Xom.
             Slain by a river rat (8 damage)
             ... in a sewer.
             The game lasted 00:02:19 (1234 turns).

ezpacito the Trooper (Coglin Chaos Knight)          Turns: 1234, Time: 00:02:20

Health: -4/41      AC:  5    Str: 14    XL:     5   Next: 37%
Magic:  6/6        EV: 11    Int: 11    God:    Xom [....*.]
Gold:   48         SH:  0    Dex: 14    Spells: 5/5 levels left

rFire   . . .        a - +1 hand axe (chaos) {Wu}
rCold   . . .        e - +0 trident {Deepnoor}
rNeg    . . .        b - +2 leather armour
rPois   .            (no helmet)
rElec   .            (no cloak)
rCorr   .            (no gloves)
SInv    .            (no boots)
Will    .....        (amulet unavailable)
Stlth   +            (ring unavailable)
HPRegen 0.26/turn    (ring unavailable)
MPRegen 0.10/turn    (no gizmo)

%: no passive effects
@: lethally poisoned (-4 -> -6), about to teleport, revved
A: off-hand wielding, slow wielding, warmup strikes, no jewellery
a: Invent Gizmo, Renounce Religion


You were in a sewer.
You worshipped Xom.
You were a beloved toy of Xom.
You visited 1 branch of the dungeon, and saw 3 of its levels.
You also visited: Sewer.

You collected 61 gold pieces.
You spent 13 gold pieces at shops.

Inventory:

Hand Weapons
 a - a +1 hand axe of chaos (weapon) {Wu}
 e - a +0 trident (offhand) {Deepnoor}
Missiles
 d - 3 poisoned darts (quivered)
Armour
 b - a +2 leather armour (worn)
Talismans
 f - a beast talisman


   Skills:
 * Level 3.6 Fighting
 * Level 3.5(3.7) Axes
 * Level 1.4(2.5) Polearms
 * Level 2.4 Armour
 * Level 1.9 Dodging
 + Level 1.1 Stealth
 + Level 0.9 Spellcasting


You had 5 spell levels left.
You didn't know any spells.
Your spell library contained the following spells:

 Spells                   Type           Power      Damage    Failure   Level
 Kiss of Death            Conj/Necr      0%         2d5       38%         1
 Confusing Touch          Hex            0%         N/A       77%         3
 Dispel Undead            Necr           0%         3d6       99%         4


Dungeon Overview and Level Annotations

Branches:
Dungeon (2/15)              Sewer (1/1)

Altars:

Shops:
D:2 [[!


Innate Abilities, Weirdness & Mutations

You can wield a second weapon in your off-hand.
It takes a long time for you to wield or remove held weapons.
Your first few attacks do less damage.
You cannot equip rings or amulets.


Message History

The kobold brigand is engulfed in poison gas.
The kobold brigand looks even sicker.
You hit the river rat but do no damage.
The river rat is severely wounded.
You hit the river rat but do no damage.
You feel sick.
The river rat bites you but does no damage.
The kobold brigand throws a poisoned dart.
The poisoned dart hits you!
You are more poisoned.
You take 1 damage, and have 21/41 hp.
You hit the river rat but do no damage.
The river rat is severely wounded.
You barely miss the river rat with your +0 trident.
You feel very sick. The river rat bites you.
The kobold brigand throws a poisoned dart.
The poisoned dart barely misses you.
You take 7 damage, and have 14/41 hp.
You aren't carrying any potions.
Okay, then.
As you read the scroll labelled QYNGA HUHUBUU, it crumbles to dust.
It is a scroll of amnesia.
You feel forgetful for a moment.
You feel sick. The river rat bites you.
* * * LOW HITPOINT WARNING * * *
The kobold brigand throws a poisoned dart.
The poisoned dart closely misses you.
You take 8 damage, and have 6/41 hp.
As you read the scroll of teleportation, it crumbles to dust.
You feel strangely unstable.
You feel sick. The river rat barely misses you.
As you read the scroll labelled ROFFIXE SUPTO, it crumbles to dust.
It is a scroll of enchant weapon.
Your +0 hand axe of chaos {Wu} glows red for a moment.
You feel sick. The river rat closely misses you.
You take 1 damage, and have 5/41 hp.
You hit the river rat with your +1 hand axe of chaos.
The river rat seems to speed up.
The river rat is almost dead.
You closely miss the river rat with your +0 trident.
You feel sick. The river rat bites you!
You die...
PP#

##~~..####.### .##
#○§§☼~))~~~~~
#####§§§#########§
~~~§§§○§§§°☼§☼§○§§
#####§°.§°§§§§§○○§
#°°☼§§☼§~○○☼§§°
#§..§§§..°.§.§§
#☼.§☼°☼r°§§°☼☼☼
#.§§§..§§@§○K☼○§§
#~○§§○§☼~§°§#§#§§
#..§§○P☼§P§°☼# #
.~.~☼§P☼P§°~○§#
~~.~§°#P#§☼§§°#
.≈§≈#§#§☼§§§# ≈≈
#≈#§☼§°☼# #°§§☼§#


You could see a kobold brigand (poisoned) and a river rat (fast).

Vanquished Creatures
  A kobold brigand (D:4)
  3 adders
  A river rat (Sewer)
  A dart slug (D:1)
  3 endoplasms (D:2)
  2 giant cockroaches
  3 goblins (D:1)
  A jackal (Sewer)
  A kobold (D:1)
  5 quokkas (D:4)
  2 ball pythons (Sewer)
  3 frilled lizards
  4 rats
30 creatures vanquished.

Vanquished Creatures (others)
  A kobold brigand (Sewer)
  A kobold (Sewer)
2 creatures vanquished.

Grand Total: 32 creatures vanquished

Notes
Turn   | Place    | Note
-------+----------+-------------------------------------------
     0 | D:1      | ezpacito the Coglin Chaos Knight began the quest for the
                  | Orb.
     0 | D:1      | Reached XP level 1. HP: 18/18 MP: 1/1
   174 | D:1      | XOM: divination: detect items
   205 | D:1      | Reached skill level 1 in Dodging
   227 | D:1      | Reached XP level 2. HP: 24/24 MP: 2/2
   705 | D:2      | Found Ycrav's Antique Armour Emporium.
   747 | D:2      | Found Ufawn's Antique Armour Shop.
   855 | D:2      | Found Ylaeziqe's Distillery.
   865 | D:2      | Bought a potion of degeneration for 13 gold pieces
   870 | D:2      | XOM: divination: detect items
   945 | D:2      | Reached XP level 3. HP: 23/29 MP: 3/3
   976 | D:2      | You fall into a shaft and drop 2 floors!
   984 | D:4      | Noticed a kobold brigand
   989 | D:4      | XOM: cast spell 'Summon Small Mammal'
   991 | D:4      | XOM: smoke on damage
   995 | D:4      | HP: 1/29 [kobold brigand/+0 short sword (9)]
  1002 | D:4      | Killed a kobold brigand
  1003 | D:4      | Reached skill level 1 in Polearms
  1003 | D:4      | Reached XP level 4. HP: 7/35 MP: 3/5
  1012 | D:4      | Found a glowing drain.
  1025 | D:4      | Reached skill level 1 in Stealth
  1112 | D:4      | XOM: cloud trail
  1114 | Sewer    | Entered a sewer
  1138 | Sewer    | Reached XP level 5. HP: 41/41 MP: 6/6
  1193 | Sewer    | Noticed a kobold brigand
  1208 | Sewer    | XOM: destruction
  1209 | Sewer    | Killed a kobold brigand
  1222 | Sewer    | XOM: god gift: 32 gold pieces
  1224 | Sewer    | Noticed a kobold brigand
  1234 | Sewer    | Slain by a river rat

Illustrated notes

Levels and vault maps discovered:
D:1:      psy_arrival_spokes, layout_basic, chequers_serial_rivers_micro_e
D:2:      layout_basic, serial_shops, nicolae_shop_hallway_plus, shop, shop,
          nicolae_shop_tiny_statue_garden, shop, minmay_cupped
D:4:      layout_rooms, gup_sewer_entry_pipe, uniq_crazy_yiuf_cottage,
          uniq_grinder
Sewer:    sewer_co_scattered_pipes

Skill      XL: |  1  2  3  4 |
---------------+-------------+-----
Dodging        | 1 |  1.9
Armour         | 2 |  2.4
Polearms       | 1 |  1.4
Stealth        | 1 |  1.1
Fighting       | |  3.6
Axes           | |  3.5
Spellcasting   | |  0.9

Action                     |  1- 3 |  4- 6 || total
---------------------------+-------+-------++-------
  Melee: Trident           |    40 |    33 ||    73
         Hand axe          |    32 |    33 ||    65
         Dagger            |     1 |       ||     1
    Use: Scroll            |     4 |     5 ||     9
         Potion            |     2 |       ||     2
 Armour: Leather armour    |    24 |    26 ||    50
  Dodge: Dodged            |    11 |    24 ||    35

Table legend: (Time is in decaauts)
 A = Elapsed time spent in this place.
 B = Non-inter-level travel time spent in this place.
 C = Inter-level travel time spent in this place.
 D = Time resting spent in this place.
 E = Time spent auto-exploring this place.
 F = Levels seen in this place.
 G = Mean time per level.
                   A        B        C        D        E       F      G
               +--------+--------+--------+--------+--------+-----+--------+
         Total |   1244 |   1158 |     86 |    104 |    837 |   4 |  311.0 |
       Dungeon |   1111 |   1025 |     86 |     75 |    793 |   3 |  370.3 |
         Sewer |    133 |    133 |      0 |     29 |     44 |   1 |  133.0 |
               +--------+--------+--------+--------+--------+-----+--------+

Top non-repeatable levels by time:
     D:1: 707 daAuts
     D:2: 273 daAuts
   Sewer: 133 daAuts
     D:4: 130 daAuts
